SNL (28 & UNDER)
SALEM SILVER SOULS @ GAINESVILLE GUIDOS
06/24/2030
 
TOP OF THE 1ST
Salem Silver Souls batting - Pitching for Gainesville Guidos : RHP Jesús Cantú
Pitching: RHP Jesús Cantú
Batting: SHB Alberto Sandoval 0-0: Ball
1-0: Called Strike
1-1: Fly out, F9 (Line Drive, 89D)
Batting: RHB Júlio Rodríguez 0-0: Ball
1-0: Ball
2-0: Ball
3-0: Base on Balls
Batting: LHB Hamilton Hughes 0-0: Ball
1-0: Foul Ball, location: 2F
1-1: Ball
2-1: Ball
3-1: Base on Balls
Júlio Rodríguez to second
Batting: RHB Robert Marks 0-0: Ball
1-0: Swinging Strike
1-1: Foul Ball, location: 2F
1-2: Ball
2-2: Strikes out swinging
Batting: RHB Chris Hall 0-0: Ball
1-0: Ball
2-0: Ball
Wild Pitch!
Júlio Rodríguez to third
Hamilton Hughes to second
3-0: Base on Balls
Batting: LHB Howard Holder 0-0: Ball
1-0: Ball
2-0: Ball
3-0: Foul Ball, location: 2F
3-1: Base on Balls
Júlio Rodríguez scores
Hamilton Hughes to third
Chris Hall to second
Batting: RHB Pedro Rivera 0-0: SINGLE (Flyball, 9LS)
Hamilton Hughes scores
Chris Hall to third
Howard Holder to second
Runner from 3rd tries for Home, SAFE, no throw
Batting: RHB Armando García 0-0: Ground out 6-3 (Groundball, 6)
Top of the 1st over - 3 runs, 1 hit, 0 errors, 2 left on base; Salem 3 - Gainesville 0
BOTTOM OF THE 1ST
Gainesville Guidos batting - Pitching for Salem Silver Souls : RHP Roberto Deleón
Pitching: RHP Roberto Deleón
Batting: RHB Ramiro Santana 0-0: Foul Ball, location: 2F
0-1: Foul Ball, location: 2F
0-2: Ball
1-2: Ball
2-2: Strikes out swinging
Batting: RHB Doug Coleman 0-0: Called Strike
0-1: Called Strike
0-2: Strikes out looking
Batting: RHB César Castillo 0-0: Called Strike
0-1: Ball
1-1: Ball
2-1: Fly out, F8 (Flyball, 8RD)
Bottom of the 1st over - 0 runs, 0 hits, 0 errors, 0 left on base; Salem 3 - Gainesville 0
TOP OF THE 2ND
Salem Silver Souls batting - Pitching for Gainesville Guidos : RHP Jesús Cantú
Batting: LHB Felipe Rivera 0-0: Ball
1-0: Called Strike
1-1: Ball
2-1: Fly out, F8 (Flyball, 8RD)
Batting: SHB Alberto Sandoval 0-0: Ground out U3 (Groundball, 3L)
Batting: RHB Júlio Rodríguez 0-0: Ball
1-0: Ground out 4-3 (Groundball, 4)
Top of the 2nd over - 0 runs, 0 hits, 0 errors, 0 left on base; Salem 3 - Gainesville 0
BOTTOM OF THE 2ND
Gainesville Guidos batting - Pitching for Salem Silver Souls : RHP Roberto Deleón
Batting: RHB George Green 0-0: Hit by Pitch
Batting: RHB Adrián López 0-0: Ball
1-0: Ball
2-0: Ball
3-0: Called Strike
3-1: Base on Balls
George Green to second
Batting: SHB José Sousa 0-0: Called Strike
0-1: Ball
1-1: Fly out, F9 (Flyball, 89M)
Runner from 2nd tags up, SAFE at 3rd with throw
Batting: RHB Luis Reynoso 0-0: Called Strike
0-1: Ball
Wild Pitch!
George Green scores
Adrián López to second
1-1: Called Strike
1-2: Ball
2-2: Ball
3-2: Strikes out swinging
Batting: RHB James Morris 0-0: Ball
1-0: Foul Ball, location: 2F
1-1: SINGLE (Groundball, 56D)
Adrián López to third
Runner from 3rd tries for Home, SAFE, no throw
Batting: RHB Santiago Díaz 0-0: Called Strike
0-1: Fielders Choice at 2nd, 6-4 (Groundball, 6)
Bottom of the 2nd over - 2 runs, 1 hit, 0 errors, 1 left on base; Salem 3 - Gainesville 2
TOP OF THE 3RD
Salem Silver Souls batting - Pitching for Gainesville Guidos : RHP Jesús Cantú
Batting: LHB Hamilton Hughes 0-0: Fly out, F7 (Flyball, 7S)
Batting: RHB Robert Marks 0-0: Ball
1-0: SINGLE (Flyball, 89S)
Batting: RHB Chris Hall 0-0: Ball
1-0: Foul Ball, location: 2F
1-1: Ball
2-1: Ball
3-1: SINGLE (Line Drive, 78S)
Robert Marks to second
Batting: LHB Howard Holder 0-0: Swinging Strike
0-1: 3-RUN HOME RUN (Flyball, 7D), Distance : 371 ft
Batting: RHB Pedro Rivera 0-0: Ball
1-0: Ball
2-0: Ball
3-0: Base on Balls
Batting: RHB Armando García 0-0: Foul Ball, location: 2F
0-1: Ball
1-1: Ground out 6-3 (Groundball, 6MS)
Pedro Rivera to second
Batting: LHB Felipe Rivera 0-0: SINGLE (Groundball, 56S) (infield hit)
Pedro Rivera to third
Batting: SHB Alberto Sandoval 0-0: Ball
1-0: Ball
2-0: Ball
3-0: Base on Balls
Felipe Rivera to second
Batting: RHB Júlio Rodríguez 0-0: Ball
1-0: DOUBLE (Line Drive, 78D)
Pedro Rivera scores
Felipe Rivera scores
Alberto Sandoval to third
Batting: LHB Hamilton Hughes 0-0: Ball
1-0: Ball
2-0: SINGLE (Groundball, 34D)
Alberto Sandoval scores
Júlio Rodríguez to third
Runner from 3rd tries for Home, SAFE, throw made home
Batting: RHB Robert Marks 0-0: Ball
1-0: Ball
2-0: Ball
3-0: Called Strike
3-1: Base on Balls
Hamilton Hughes to second
Batting: RHB Chris Hall 0-0: Ball
1-0: SINGLE (Flyball, 9S)
Hamilton Hughes to third
Robert Marks to second
Runner from 3rd tries for Home, SAFE, no throw
Batting: LHB Howard Holder 0-0: Ball
1-0: Foul Ball, location: 2F
1-1: Ball
2-1: Foul Ball, location: 2F
2-2: Foul Ball, location: 2F
2-2: SINGLE (Groundball, 5S) (infield hit)
Robert Marks to third
Chris Hall to second
Batting: RHB Pedro Rivera 0-0: Ball
Wild Pitch!
Robert Marks scores
Chris Hall to third
Howard Holder to second
1-0: Called Strike
1-1: Foul Ball, location: 2F
1-2: SINGLE (Line Drive, 4D)
Chris Hall scores
Howard Holder to third
Runner from 3rd tries for Home, SAFE, no throw
Batting: RHB Armando García 0-0: Ball
1-0: Called Strike
1-1: Ball
2-1: SINGLE (Line Drive, 56D)
Pedro Rivera to second
Runner from 2nd tries for 3rd, SAFE, no throw
Batting: LHB Felipe Rivera 0-0: Called Strike
0-1: Foul Ball, location: 2F
0-2: Ball
1-2: Ball
2-2: Strikes out swinging
Top of the 3rd over - 11 runs, 10 hits, 0 errors, 2 left on base; Salem 14 - Gainesville 2
BOTTOM OF THE 3RD
Gainesville Guidos batting - Pitching for Salem Silver Souls : RHP Roberto Deleón
Batting: RHB Ramiro Santana 0-0: Ball
1-0: Ground out U3 (Groundball, 3S)
Batting: RHB Doug Coleman 0-0: Called Strike
0-1: Ball
1-1: Foul Ball, location: 2F
1-2: Foul Ball, location: 2F
1-2: Strikes out swinging
Batting: RHB César Castillo 0-0: Swinging Strike
0-1: Fly out, F8 (Flyball, 8RS)
Bottom of the 3rd over - 0 runs, 0 hits, 0 errors, 0 left on base; Salem 14 - Gainesville 2
TOP OF THE 4TH
Salem Silver Souls batting - Pitching for Gainesville Guidos : RHP Jesús Cantú
Batting: SHB Alberto Sandoval 0-0: Ball
1-0: Fly out, F7 (Line Drive, 7)
Batting: RHB Júlio Rodríguez 0-0: Foul Ball, location: 2F
0-1: Ball
1-1: SINGLE (Groundball, 6MD)
Batting: LHB Hamilton Hughes 0-0: 2-RUN HOME RUN (Flyball, 9LD), Distance : 329 ft
Batting: RHB Robert Marks 0-0: Called Strike
0-1: Ball
1-1: Reached on error, E5 (Groundball, 56)
Batting: RHB Chris Hall 0-0: Ball
1-0: Called Strike
1-1: Ball
2-1: 2-RUN HOME RUN (Flyball, 78XD), Distance : 384 ft
Batting: LHB Howard Holder 0-0: Ball
1-0: Foul Ball, location: 2F
1-1: Ball
2-1: Foul Ball, location: 2F
2-2: Foul Ball, location: 2F
2-2: Ball
3-2: Base on Balls
Pitching: RHP Carlos Montés
Batting: RHB Pedro Rivera 0-0: Fly out, F2 (Popup, 2L)
Batting: RHB Armando García 0-0: Called Strike
0-1: Ball
1-1: Ball
2-1: Called Strike
2-2: Strikes out swinging
Top of the 4th over - 4 runs, 3 hits, 1 error, 1 left on base; Salem 18 - Gainesville 2
BOTTOM OF THE 4TH
Gainesville Guidos batting - Pitching for Salem Silver Souls : RHP Roberto Deleón
Batting: RHB George Green 0-0: Called Strike
0-1: Ground out 6-3 (Groundball, 6S)
Batting: RHB Adrián López 0-0: Fly out, F7 (Flyball, 7S)
Batting: SHB José Sousa 0-0: Foul Ball, location: 2F
0-1: Foul Ball, location: 2F
0-2: Strikes out looking
Bottom of the 4th over - 0 runs, 0 hits, 0 errors, 0 left on base; Salem 18 - Gainesville 2
TOP OF THE 5TH
Salem Silver Souls batting - Pitching for Gainesville Guidos : RHP Carlos Montés
Batting: LHB Felipe Rivera 0-0: Foul Ball, location: 2F
0-1: Ball
1-1: SINGLE (Groundball, 3) (infield hit)
Batting: SHB Alberto Sandoval 0-0: Ball
1-0: Called Strike
1-1: Called Strike
Felipe Rivera steals 2nd base
1-2: Ball
2-2: Strikes out swinging
Batting: RHB Júlio Rodríguez 0-0: Called Strike
0-1: Ball
1-1: Ball
2-1: Ball
3-1: Foul Ball, location: 2F
3-2: Strikes out swinging, 2-3 out at first.
Batting: LHB Hamilton Hughes 0-0: Ball
1-0: Foul Ball, location: 2F
1-1: Foul Ball, location: 2F
1-2: Strikes out looking
Top of the 5th over - 0 runs, 1 hit, 0 errors, 1 left on base; Salem 18 - Gainesville 2
BOTTOM OF THE 5TH
Gainesville Guidos batting - Pitching for Salem Silver Souls : RHP Roberto Deleón
Batting: RHB Luis Reynoso 0-0: Called Strike
0-1: Called Strike
0-2: Ground out 6-3 (Groundball, 56)
Batting: RHB James Morris 0-0: Swinging Strike
0-1: Ball
1-1: Swinging Strike
1-2: Strikes out looking
Batting: RHB Santiago Díaz 0-0: Ball
1-0: Foul Ball, location: 2F
1-1: Called Strike
1-2: Ball
2-2: Strikes out swinging
Bottom of the 5th over - 0 runs, 0 hits, 0 errors, 0 left on base; Salem 18 - Gainesville 2
TOP OF THE 6TH
Salem Silver Souls batting - Pitching for Gainesville Guidos : RHP Carlos Montés
Batting: RHB Robert Marks 0-0: Ball
1-0: Called Strike
1-1: Ball
2-1: Foul Ball, location: 2F
2-2: Foul Ball, location: 2F
2-2: Strikes out looking
Batting: RHB Chris Hall 0-0: Foul Ball, location: 2F
0-1: Ball
1-1: Foul Ball, location: 2F
1-2: Ball
2-2: Ball
3-2: Strikes out swinging
Batting: LHB Howard Holder 0-0: Foul Ball, location: 2F
0-1: Ball
1-1: Ball
2-1: Called Strike
2-2: Fly out, F9 (Flyball, 9LS)
Top of the 6th over - 0 runs, 0 hits, 0 errors, 0 left on base; Salem 18 - Gainesville 2
BOTTOM OF THE 6TH
Gainesville Guidos batting - Pitching for Salem Silver Souls : RHP Roberto Deleón
Batting: RHB Ramiro Santana 0-0: Ball
1-0: Fly out, F3 (Popup, 3)
Batting: RHB Doug Coleman 0-0: Ball
1-0: Ground out 6-3 (Groundball, 6)
Batting: RHB César Castillo 0-0: Called Strike
0-1: Foul Ball, location: 2F
0-2: Ball
1-2: Foul Ball, location: 2F
1-2: Ball
2-2: Strikes out swinging
Bottom of the 6th over - 0 runs, 0 hits, 0 errors, 0 left on base; Salem 18 - Gainesville 2
TOP OF THE 7TH
Salem Silver Souls batting - Pitching for Gainesville Guidos : RHP Carlos Montés
Batting: RHB Pedro Rivera 0-0: Ball
1-0: Ball
2-0: Called Strike
2-1: Ball
3-1: Called Strike
3-2: Base on Balls
Batting: RHB Armando García 0-0: Reached on error, E6 (Groundball, 6D)
Pedro Rivera to second
Batting: LHB Felipe Rivera 0-0: Ball
1-0: Ground out 4-3 (Groundball, 4MS)
Pedro Rivera to third
Armando García to second
Batting: SHB Alberto Sandoval 0-0: Called Strike
0-1: 3-RUN HOME RUN (Flyball, 9LD), Distance : 335 ft
Batting: RHB Júlio Rodríguez 0-0: Foul Ball, location: 2F
0-1: Ball
1-1: SINGLE (Line Drive, 6M)
Batting: LHB Hamilton Hughes 0-0: Swinging Strike
0-1: Called Strike
0-2: Ground out 6-3 (Groundball, 6S)
Júlio Rodríguez to second
Batting: RHB Robert Marks 0-0: Ground out 6-3 (Groundball, 6)
Top of the 7th over - 3 runs, 2 hits, 1 error, 1 left on base; Salem 21 - Gainesville 2
BOTTOM OF THE 7TH
Gainesville Guidos batting - Pitching for Salem Silver Souls : RHP Roberto Deleón
Now at SS: Elpidio Martinho
Batting: RHB George Green 0-0: Ball
1-0: Foul Ball, location: 2F
1-1: Ball
2-1: Foul Ball, location: 2F
2-2: Strikes out swinging
Batting: RHB Adrián López 0-0: Ball
1-0: Ball
2-0: Called Strike
2-1: Fly out, F6 (Popup, 4MD)
Batting: SHB José Sousa 0-0: Called Strike
0-1: Swinging Strike
0-2: Ball
1-2: Foul Ball, location: 2F
1-2: Ball
2-2: Ball
3-2: Strikes out swinging
Bottom of the 7th over - 0 runs, 0 hits, 0 errors, 0 left on base; Salem 21 - Gainesville 2
TOP OF THE 8TH
Salem Silver Souls batting - Pitching for Gainesville Guidos : RHP Carlos Montés
Pitching: RHP Larry Bischoff
Batting: RHB Chris Hall 0-0: Reached on error, E3 (Groundball, 34)
Batting: LHB Howard Holder 0-0: Ball
Chris Hall steals 2nd base
1-0: Foul Ball, location: 2F
1-1: Ball
2-1: Foul Ball, location: 2F
2-2: Strikes out looking
Batting: RHB Pedro Rivera 0-0: Ball
1-0: DOUBLE (Flyball, 7D)
Chris Hall scores
Batting: RHB Armando García 0-0: Foul Ball, location: 2F
0-1: Foul Ball, location: 2F
0-2: Ball
1-2: Strikes out swinging
Batting: LHB Felipe Rivera 0-0: Ball
1-0: Ball
2-0: Foul Ball, location: 2F
2-1: SINGLE (Line Drive, 9S)
Pedro Rivera to third
Runner from 3rd tries for Home, SAFE, no throw
Batting: RHB Elpidio Martinho 0-0: Called Strike
0-1: Ball
1-1: Ball
2-1: Foul Ball, location: 2F
2-2: Ball
3-2: DOUBLE (Line Drive, 78M)
Felipe Rivera to third
Felipe Rivera scores
Batting: RHB Júlio Rodríguez 0-0: Foul Ball, location: 2F
0-1: Foul Ball, location: 2F
0-2: Ground out 6-3 (Groundball, 6MS)
Top of the 8th over - 3 runs, 3 hits, 1 error, 1 left on base; Salem 24 - Gainesville 2
BOTTOM OF THE 8TH
Gainesville Guidos batting - Pitching for Salem Silver Souls : RHP Roberto Deleón
Batting: RHB Luis Reynoso 0-0: Ball
1-0: Ball
2-0: Foul Ball, location: 2F
2-1: Fly out, F9 (Flyball, 9D)
Batting: RHB James Morris 0-0: Fly out, F8 (Flyball, 78D)
Batting: RHB Santiago Díaz 0-0: Ball
1-0: Ball
2-0: Ball
3-0: Called Strike
3-1: Base on Balls
Batting: RHB Ramiro Santana 0-0: Ground out 4-3 (Groundball, 4M)
Bottom of the 8th over - 0 runs, 0 hits, 0 errors, 1 left on base; Salem 24 - Gainesville 2
TOP OF THE 9TH
Salem Silver Souls batting - Pitching for Gainesville Guidos : RHP Larry Bischoff
Batting: LHB Hamilton Hughes 0-0: Ball
1-0: Ball
2-0: Ball
3-0: Base on Balls
Batting: RHB Robert Marks 0-0: SINGLE (Line Drive, 6MD)
Hamilton Hughes to second
Batting: RHB Chris Hall 0-0: Called Strike
0-1: Swinging Strike
0-2: Foul Ball, location: 2F
0-2: Ball
1-2: Fielders Choice at 2nd, 3-6 (Groundball, 3)
Hamilton Hughes to third
Batting: LHB Howard Holder 0-0: Ball
1-0: Ball
2-0: Foul Ball, location: 2F
2-1: Foul Ball, location: 2F
2-2: 3-RUN HOME RUN (Line Drive, 7D), Distance : 358 ft
Batting: RHB Pedro Rivera 0-0: Called Strike
0-1: Ball
1-1: Ground out U3 (Groundball, 34)
Batting: RHB Armando García 0-0: Called Strike
0-1: Ball
1-1: Ball
2-1: Foul Ball, location: 2F
2-2: SINGLE (Line Drive, 56D)
Batting: LHB Felipe Rivera 0-0: Swinging Strike
0-1: Called Strike
Armando García steals 2nd base
0-2: Ball
1-2: Foul Ball, location: 2F
1-2: Foul Ball, location: 2F
1-2: Ball
2-2: Ball
3-2: Ground out 4-3 (Groundball, 4)
Top of the 9th over - 3 runs, 3 hits, 0 errors, 1 left on base; Salem 27 - Gainesville 2
BOTTOM OF THE 9TH
Gainesville Guidos batting - Pitching for Salem Silver Souls : RHP Roberto Deleón
Batting: RHB Doug Coleman 0-0: Called Strike
0-1: Ball
1-1: Ball
2-1: Ball
3-1: Swinging Strike
3-2: Foul Ball, location: 2F
3-2: Ground out 5-3 (Groundball, 56S)
Batting: RHB César Castillo 0-0: DOUBLE (Flyball, 8LXD)
Batting: RHB George Green 0-0: 2-RUN HOME RUN (Flyball, 7LD), Distance : 336 ft
Batting: RHB Adrián López 0-0: SOLO HOME RUN (Flyball, 7LD), Distance : 349 ft
Batting: SHB José Sousa 0-0: Ball
1-0: Foul Ball, location: 2F
1-1: Swinging Strike
1-2: Ball
2-2: Strikes out swinging
Batting: RHB Luis Reynoso 0-0: Called Strike
0-1: Fly out, F2 (Popup, 2RF)
Bottom of the 9th over - 3 runs, 3 hits, 0 errors, 0 left on base; Salem 27 - Gainesville 5
Saturday, April 7th, 2018 - OOTP Baseball 18.8 Build 76